 Dungeon Crawl Stone Soup version 0.29.0-4-gdea44cf6ec (webtiles) character file.

Game seed: 11552947862807813064

2221 qw the Grappler (level 9, -4/84 HPs)
             Began as a Troll Cinder Acolyte on Aug 30, 2022.
             Was a Priest of Ignis.
             Succumbed to a killer bee's poison
             ... on level 8 of the Dungeon.
             The game lasted 00:03:08 (4839 turns).

qw the Grappler (Troll Cinder Acolyte)              Turns: 4839, Time: 00:03:08

Health: -4/84      AC: 13    Str: 28    XL:     9   Next: 13%
Magic:  9/9        EV:  9    Int: 10    God:    Ignis [***...]
Gold:   27         SH:  0    Dex:  5    Spells: 10/10 levels left

rFire   + . .      SeeInvis .     - Unarmed
rCold   . . .      Faith    .   (no shield)
rNeg    . . .      Spirit   .   a - +0 robe
rPois   .          Reflect  .   (helmet restricted)
rElec   .          Harm     .   e - +1 cloak
rCorr   .          Rampage  .   (gloves unavailable)
Will    .....                   (boots unavailable)
Stlth   +.........              (no amulet)
HPRegen 1.04/turn               (no ring)
MPRegen 0.11/turn               (no ring)

@: lethally poisoned (-4 -> -37), about to teleport, fiery-armoured
A: large, unfitting armour, claws 3, regeneration 1, shaggy fur 1, tough skin 1
a: Renounce Religion, Fiery Armour, Foxfire Swarm, Rising Flame


You were on level 8 of the Dungeon.
You worshipped Ignis.
Ignis was most pleased with you.
You visited 1 branch of the dungeon, and saw 8 of its levels.

You collected 370 gold pieces.
You spent 343 gold pieces at shops.


Innate Abilities, Weirdness & Mutations

You are too large for most types of armour.
You have claws for hands.
Your natural rate of healing is unusually fast.
You are covered in fur. (AC +1)
You have tough skin. (AC +1)


   Skills:
 - Level 4.0 Fighting
 - Level 2.0 Throwing
 - Level 1.1 Dodging
 + Level 11.5 Unarmed Combat
 - Level 1.0 Spellcasting
 - Level 2.1 Fire Magic


You had 10 spell levels left.
You didn't know any spells.
Your spell library contained the following spells:

 Spells                   Type           Power      Damage    Failure   Level
 Scorch                   Fire           8%         2d5       22%         2

Inventory:

Missiles
 l - 5 boomerangs (quivered)
Armour
 a - a +0 robe (worn)
 e - a +1 cloak (worn)
Jewellery
 j - a ring of ice
Wands
 g - a wand of digging (6)
Scrolls
 h - a scroll of identify
 i - a scroll of brand weapon
 p - a scroll of enchant weapon
Potions
 b - 2 potions of resistance
 c - a potion of might
 d - 4 potions of curing
 f - a potion of heal wounds
 k - a potion of cancellation
 m - a potion of berserk rage {unknown}

Dungeon Overview and Level Annotations

Branches:
Dungeon (8/15)             Temple (0/1) D:4
   Lair: D:8-11

Altars:

Shops:
D:8 ?

Annotations:
D:3 1 runed translucent door, Crazy Yiuf


Message History

The killer bee poisons you! The killer bee barely misses you. x3
You miss the killer bee.
The killer bee is moderately wounded.
You feel extremely sick.
The killer bee stings you but does no damage.
The killer bee barely misses you. x2; The killer bee stings you.
You are more poisoned.
The killer bee poisons you! The killer bee stings you.
You are lethally poisoned!
The killer bee poisons you! The killer bee closely misses you.
The killer bee stings you. The killer bee closely misses you.
The killer bee barely misses you.
4838 ||| INVOKING Fiery Armour.
A protective cloak of flame settles atop you.
You feel extremely sick.
The killer bee stings you but does no damage.
The killer bee is burned by your cloak of flames.
The killer bee is moderately wounded.
The killer bee barely misses you. The killer bee stings you.
You are more poisoned.
The killer bee poisons you!
The killer bee is burned by your cloak of flames.
The killer bee is lightly wounded.
The killer bee stings you but does no damage.
The killer bee is burned by your cloak of flames.
The killer bee is lightly wounded.
The killer bee stings you but does no damage.
The killer bee is burned by your cloak of flames.
The killer bee is severely wounded.
The killer bee closely misses you. The killer bee stings you.
The killer bee is burned by your cloak of flames.
The killer bee is severely wounded.
The killer bee barely misses you. The killer bee stings you.
The killer bee is burned by your cloak of flames.
The killer bee is moderately wounded.
The killer bee closely misses you.
4839 ||| READING scroll of teleportation.
As you read the scroll of teleportation, it crumbles to dust.
You feel strangely unstable.
You die...

....... ...#
....... ##...##
....... #........
....... #........
.......##........
...........>.....
......yy.........
......y@.........
......yy.........
.#.###.##........
#.#.........
#.#.........
#.#.########
##...# #...##
#....## #######


You could see 5 killer bees.

Vanquished Creatures
  A steam dragon (D:7)
  2 sky beasts
  An orc warrior (D:7)
  2 ice beasts
  A black bear (D:6)
  2 ogres
  2 kobold brigands
  A phantom (D:3)
  2 scorpions (D:5)
  A necrophage (D:4)
  2 gnoll sergeants
  A gnoll bouda (D:6)
  4 orc priests
  4 hounds
  A jelly (D:7)
  Terence (D:3)
  2 iguanas
  5 orc wizards
  6 adders
  15 gnolls
  A shadow imp (D:5)
  4 white imps
  An ufetubus (D:6)
  4 worms
  A dart slug (D:2)
  26 orcs
  9 ball pythons
  7 endoplasms
  3 giant cockroaches
  3 goblins
  9 hobgoblins
  3 jackals (D:2)
  7 kobolds
  4 quokkas
  6 bats
  3 frilled lizards (D:2)
  7 rats
154 creatures vanquished.

Vanquished Creatures (others)
  A gnoll (D:6)
1 creature vanquished.

Grand Total: 155 creatures vanquished

Notes
Turn   | Place    | Note
-------+----------+-------------------------------------------
     0 | D:1      | qw the Troll Cinder Acolyte began the quest for the Orb.
     0 | D:1      | Reached XP level 1. HP: 22/22 MP: 1/1
     0 | D:1      | 0 ||| qw: Version: 0.1-a-95-gae9e614
     0 | D:1      | 0 ||| qw: Game counter: 4417
     0 | D:1      | 0 ||| qw: Always use a shield: true
     0 | D:1      | 0 ||| qw: God list: Okawaru
     0 | D:1      | 0 ||| qw: Allow faded altars: false
     0 | D:1      | 0 ||| qw: Do Orc after D:15 true
     0 | D:1      | 0 ||| qw: Do second Lair branch before Depths: true
     0 | D:1      | 0 ||| qw: Lair rune preference: random
     0 | D:1      | 0 ||| qw: Plans: Normal
     0 | D:1      | 0 ||| PLANNING D:1-11
   342 | D:1      | Found a faded altar of an unknown god.
   367 | D:1      | You fall into a shaft and drop 1 floor!
   376 | D:2      | Reached XP level 2. HP: 29/29 MP: 2/2
   512 | D:2      | 512 ||| UPGRADING to +0 cloak.
   517 | D:2      | 517 ||| DROPPING ring of magical power.
   518 | D:2      | 518 ||| READING 2 scrolls labelled XOLOUVVO TIOFUA.
   519 | D:2      | 519 ||| READING 3 scrolls labelled AKE QEOLODGH.
   520 | D:2      | 520 ||| READING scroll labelled KIDAITI VUOGH.
   521 | D:2      | 521 ||| READING scroll labelled BOIXAO GEBRAWU.
   527 | D:2      | Reached skill level 4 in Unarmed Combat
   536 | D:2      | 536 ||| DRINKING 2 green potions.
   537 | D:2      | 537 ||| DRINKING 2 inky potions.
   561 | D:2      | 561 ||| READING 2 scrolls of identify.
   561 | D:2      | 561 ||| IDENTIFYING bubbling inky potion
   562 | D:2      | 562 ||| DROPPING scroll of poison.
   563 | D:2      | 563 ||| DROPPING potion of lignification.
   569 | D:2      | 569 ||| Stepping ~*~*~tactically~*~*~ (stealth).
   574 | D:2      | Reached XP level 3. HP: 36/36 MP: 3/3
   588 | D:2      | 588 ||| READING scroll labelled ODIESU FUUV.
   760 | D:1      | 760 ||| READING 2 scrolls labelled MAWAJO NIOT.
   761 | D:1      | 761 ||| DROPPING scroll of immolation.
   874 | D:2      | 874 ||| Stepping ~*~*~tactically~*~*~ (stealth).
   876 | D:2      | 876 ||| Stepping ~*~*~tactically~*~*~ (stealth).
   897 | D:2      | 897 ||| Stepping ~*~*~tactically~*~*~ (stealth).
   899 | D:2      | 899 ||| Stepping ~*~*~tactically~*~*~ (hiding).
   905 | D:2      | 905 ||| INVOKING Fiery Armour.
   909 | D:2      | Reached skill level 5 in Unarmed Combat
   909 | D:2      | Reached XP level 4. HP: 37/44 MP: 4/4
  1001 | D:2      | 1001 ||| Stepping ~*~*~tactically~*~*~ (hiding).
  1205 | D:2      | 1205 ||| READING scroll labelled ZUIPSU TIHO.
  1206 | D:2      | 1206 ||| READING 2 scrolls of identify.
  1206 | D:2      | 1206 ||| IDENTIFYING golden potion
  1422 | D:3      | 1422 ||| Stepping ~*~*~tactically~*~*~ (hiding).
  1426 | D:3      | 1426 ||| Stepping ~*~*~tactically~*~*~ (hiding).
  1433 | D:3      | Reached XP level 5. HP: 45/50 MP: 5/5
  1547 | D:3      | Noticed a phantom
  1559 | D:3      | 1559 ||| Stepping ~*~*~tactically~*~*~ (outnumbered).
  1560 | D:3      | 1560 ||| Stepping ~*~*~tactically~*~*~ (outnumbered).
  1561 | D:3      | 1561 ||| Stepping ~*~*~tactically~*~*~ (outnumbered).
  1562 | D:3      | 1562 ||| Stepping ~*~*~tactically~*~*~ (outnumbered).
  1563 | D:3      | 1563 ||| Stepping ~*~*~tactically~*~*~ (outnumbered).
  1564 | D:3      | 1564 ||| Stepping ~*~*~tactically~*~*~ (outnumbered).
  1567 | D:3      | 1567 ||| Stepping ~*~*~tactically~*~*~ (outnumbered).
  1568 | D:3      | 1568 ||| Stepping ~*~*~tactically~*~*~ (outnumbered).
  1569 | D:3      | 1569 ||| Stepping ~*~*~tactically~*~*~ (outnumbered).
  1570 | D:3      | 1570 ||| Stepping ~*~*~tactically~*~*~ (outnumbered).
  1571 | D:3      | 1571 ||| Stepping ~*~*~tactically~*~*~ (outnumbered).
  1572 | D:3      | 1572 ||| Stepping ~*~*~tactically~*~*~ (outnumbered).
  1574 | D:3      | Killed a phantom
  1575 | D:3      | Reached skill level 6 in Unarmed Combat
  1883 | D:3      | Noticed Terence
  1896 | D:3      | Killed Terence
  1995 | D:3      | Found a runed translucent door.
  1996 | D:3      | Noticed Crazy Yiuf
  1999 | D:3      | 1999 ||| READING scroll labelled HYKOMM JAIKOT.
  2000 | D:3      | 2000 ||| DRINKING 2 dark potions.
  2001 | D:3      | 2001 ||| DROPPING potion of flight.
  2115 | D:4      | Reached XP level 6. HP: 58/59 MP: 6/6
  2478 | D:4      | Found a staircase to the Ecumenical Temple.
  2525 | D:4      | Reached skill level 7 in Unarmed Combat
  2549 | D:4      | 2549 ||| Stepping ~*~*~tactically~*~*~ (stealth).
  2551 | D:4      | 2551 ||| Stepping ~*~*~tactically~*~*~ (stealth).
  2554 | D:4      | 2554 ||| Stepping ~*~*~tactically~*~*~ (stealth).
  2563 | D:4      | 2563 ||| Stepping ~*~*~tactically~*~*~ (outnumbered).
  2566 | D:4      | 2566 ||| Stepping ~*~*~tactically~*~*~ (outnumbered).
  2813 | D:4      | 2813 ||| DRINKING 3 fizzy purple potions.
  2814 | D:4      | 2814 ||| DROPPING 2 potions of brilliance.
  2843 | D:5      | Entered Level 5 of the Dungeon
  2884 | D:5      | 2884 ||| Stepping ~*~*~tactically~*~*~ (outnumbered).
  2967 | D:5      | 2967 ||| Stepping ~*~*~tactically~*~*~ (hiding).
  2969 | D:5      | 2969 ||| Stepping ~*~*~tactically~*~*~ (hiding).
  2971 | D:5      | 2971 ||| Stepping ~*~*~tactically~*~*~ (hiding).
  2972 | D:5      | 2972 ||| Stepping ~*~*~tactically~*~*~ (hiding).
  2973 | D:5      | 2973 ||| Stepping ~*~*~tactically~*~*~ (hiding).
  2977 | D:5      | Reached skill level 8 in Unarmed Combat
  3013 | D:5      | Reached XP level 7. HP: 66/66 MP: 7/7
  3080 | D:5      | 3080 ||| Stepping ~*~*~tactically~*~*~ (outnumbered).
  3082 | D:5      | 3082 ||| Stepping ~*~*~tactically~*~*~ (outnumbered).
  3083 | D:5      | 3083 ||| Stepping ~*~*~tactically~*~*~ (outnumbered).
  3084 | D:5      | 3084 ||| Stepping ~*~*~tactically~*~*~ (outnumbered).
  3087 | D:5      | 3087 ||| Stepping ~*~*~tactically~*~*~ (outnumbered).
  3087 | D:5      | HP: 13/66 [ogre/+0 giant club (33)]
  3088 | D:5      | 3088 ||| READING scroll of teleportation.
  3089 | D:5      | 3089 ||| DRINKING 3 potions of heal wounds.
  3090 | D:5      | 3090 ||| Stepping ~*~*~tactically~*~*~ (outnumbered).
  3098 | D:5      | Reached skill level 3 in Fighting
  3311 | D:5      | 3311 ||| READING scroll labelled RUOGOSHRU TALE.
  3312 | D:5      | 3312 ||| READING scroll labelled XEMAIX CUINK.
  3313 | D:5      | 3313 ||| READING scroll labelled OGY UKLIESULAR.
  3314 | D:5      | 3314 ||| DRINKING 2 ruby potions.
  3415 | D:5      | 3415 ||| READING 4 scrolls of identify.
  3415 | D:5      | 3415 ||| IDENTIFYING brown potion
  3416 | D:5      | 3416 ||| READING 3 scrolls of identify.
  3416 | D:5      | 3416 ||| IDENTIFYING pink potion
  3417 | D:5      | 3417 ||| DROPPING potion of attraction.
  3418 | D:5      | 3418 ||| DROPPING potion of ambrosia.
  3451 | D:6      | 3451 ||| Stepping ~*~*~tactically~*~*~ (outnumbered).
  3452 | D:6      | 3452 ||| Stepping ~*~*~tactically~*~*~ (outnumbered).
  3477 | D:6      | 3477 ||| Stepping ~*~*~tactically~*~*~ (stealth).
  3487 | D:6      | 3487 ||| Stepping ~*~*~tactically~*~*~ (outnumbered).
  3489 | D:6      | 3489 ||| INVOKING Fiery Armour.
  3600 | D:6      | Reached skill level 9 in Unarmed Combat
  3612 | D:6      | Reached XP level 8. HP: 75/75 MP: 8/8
  3630 | D:6      | 3630 ||| Stepping ~*~*~tactically~*~*~ (hiding).
  3631 | D:6      | 3631 ||| Stepping ~*~*~tactically~*~*~ (hiding).
  3716 | D:6      | 3716 ||| INVOKING Fiery Armour.
  3722 | D:6      | 3722 ||| Stepping ~*~*~tactically~*~*~ (outnumbered).
  3723 | D:6      | 3723 ||| Stepping ~*~*~tactically~*~*~ (outnumbered).
  3724 | D:6      | 3724 ||| Stepping ~*~*~tactically~*~*~ (outnumbered).
  3726 | D:6      | Reached skill level 1 in Dodging
  3742 | D:6      | 3742 ||| Stepping ~*~*~tactically~*~*~ (hiding).
  3770 | D:6      | 3770 ||| Stepping ~*~*~tactically~*~*~ (stealth).
  3811 | D:6      | 3811 ||| Stepping ~*~*~tactically~*~*~ (stealth).
  3812 | D:6      | 3812 ||| Stepping ~*~*~tactically~*~*~ (stealth).
  3813 | D:6      | 3813 ||| Stepping ~*~*~tactically~*~*~ (stealth).
  3814 | D:6      | 3814 ||| Stepping ~*~*~tactically~*~*~ (stealth).
  3815 | D:6      | 3815 ||| Stepping ~*~*~tactically~*~*~ (hiding).
  3828 | D:6      | 3828 ||| INVOKING Fiery Armour.
  3829 | D:6      | 3829 ||| Stepping ~*~*~tactically~*~*~ (outnumbered).
  3835 | D:6      | 3835 ||| DRINKING 5 potions of curing.
  3835 | D:6      | 3835 ||| (to cure confusion)
  3838 | D:6      | HP: 14/75 [gnoll bouda/+0 halberd (7)]
  3839 | D:6      | 3839 ||| READING 2 scrolls of teleportation.
  3840 | D:6      | 3840 ||| DRINKING 3 potions of heal wounds.
  3841 | D:6      | 3841 ||| Stepping ~*~*~tactically~*~*~ (outnumbered).
  3843 | D:6      | 3843 ||| DRINKING 2 potions of heal wounds.
  3951 | D:6      | Reached skill level 10 in Unarmed Combat
  4079 | D:7      | 4079 ||| STAIRDANCE
  4136 | D:7      | 4136 ||| STAIRDANCE
  4171 | D:7      | 4171 ||| Stepping ~*~*~tactically~*~*~ (stealth).
  4172 | D:7      | 4172 ||| Stepping ~*~*~tactically~*~*~ (stealth).
  4180 | D:7      | 4180 ||| Stepping ~*~*~tactically~*~*~ (stealth).
  4182 | D:7      | 4182 ||| Stepping ~*~*~tactically~*~*~ (stealth).
  4183 | D:7      | 4183 ||| Stepping ~*~*~tactically~*~*~ (stealth).
  4186 | D:7      | 4186 ||| Stepping ~*~*~tactically~*~*~ (stealth).
  4391 | D:7      | 4391 ||| Stepping ~*~*~tactically~*~*~ (hiding).
  4593 | D:7      | 4593 ||| Stepping ~*~*~tactically~*~*~ (hiding).
  4597 | D:7      | 4597 ||| Stepping ~*~*~tactically~*~*~ (outnumbered).
  4601 | D:7      | Reached skill level 11 in Unarmed Combat
  4603 | D:7      | 4603 ||| INVOKING Fiery Armour.
  4606 | D:7      | Reached XP level 9. HP: 38/84 MP: 9/9
  4610 | D:7      | 4610 ||| Stepping ~*~*~tactically~*~*~ (outnumbered).
  4753 | D:7      | 4753 ||| DROPPING amulet of magic regeneration.
  4754 | D:7      | 4754 ||| READING 2 scrolls of identify.
  4754 | D:7      | 4754 ||| IDENTIFYING fuming coppery potion
  4760 | D:8      | Found Jusaimm's Magic Scroll Boutique.
  4791 | D:8      | 4791 ||| BUYING scroll of brand weapon (133 gold).
  4791 | D:8      | Bought a scroll of brand weapon for 133 gold pieces
  4791 | D:8      | 4791 ||| BUYING scroll of enchant armour (105 gold).
  4791 | D:8      | Bought a scroll of enchant armour for 105 gold pieces
  4791 | D:8      | 4791 ||| BUYING scroll of enchant weapon (105 gold).
  4791 | D:8      | Bought a scroll of enchant weapon for 105 gold pieces
  4791 | D:8      | 4791 ||| SHOPLISTING scroll of enchant weapon (105 gold,
                  | have 24).
  4791 | D:8      | 4791 ||| SHOPLISTING scroll of teleportation (42 gold, have
                  | 24).
  4791 | D:8      | 4791 ||| READING scroll of enchant armour.
  4791 | D:8      | 4791 ||| ENCHANTING +0 cloak.
  4838 | D:8      | 4838 ||| INVOKING Fiery Armour.
  4838 | D:8      | HP: 18/84 [poisoned by a killer bee]
  4838 | D:8      | HP: 5/84 [killer bee (4)]
  4839 | D:8      | 4839 ||| READING scroll of teleportation.
  4839 | D:8      | Succumbed to a killer bee's poison

Levels and vault maps discovered:
D:1:      saegor_arrival_simple_a, layout_loops_ring,
          hellmonk_ecumenical_altar_heavens_door
D:2:      layout_basic, kennysheep_generic_room_11
D:3:      layout_basic, uniq_crazy_yiuf_cottage, uniq_terence
D:4:      layout_basic, minmay_temple_entry_fiery
D:5:      layout_rooms
D:6:      layout_basic, grunt_ministairs_15
D:7:      layout_cave_pools
D:8:      kennysheep_big_flooded_room, layout_rooms,
          gammafunk_temple_overflow_statue, serial_shops, kennysheep_mini, shop,
          nicolae_shop_waterfront, nicolae_shop_stone, uniq_erica

Skill      XL: |  1  2  3  4  5  6  7  8 |
---------------+-------------------------+-----
Unarmed Combat | 4 5 6 8 9 11 | 11.5
Fighting       | 3 4 |  4.0
Throwing       | 2 |  2.0
Dodging        | 1 |  1.1
Spellcasting   | |  1.0
Fire Magic     | |  2.1

Action                   |  1- 3 |  4- 6 |  7- 9 || total
-------------------------+-------+-------+-------++-------
Melee: Unarmed           |    54 |   175 |   173 ||   402
       Punch             |     1 |     3 |     4 ||     8
Throw: Boomerang         |       |    14 |    44 ||    58
Invok: Fiery Armour      |     1 |       |     5 ||     6
  Use: Scroll            |     7 |     3 |    10 ||    20
       Potion            |     2 |     2 |     5 ||     9
Armor: Robe              |     9 |    53 |    63 ||   125
Dodge: Dodged            |    18 |    57 |    79 ||   154

Table legend:
 A = Non-vault XP
 B = Vault XP
 C = Vault XP percentage of total XP
 D = Non-vault monster count
 E = Vault monster count
 F = Vault count percentage of total count
                 A         B        C        D         E       F
            +---------+---------+-------+---------+---------+-------
      Total |    2991 |     182 |   5.7 |     147 |       7 |   4.5
            +---------+---------+-------+---------+---------+-------
        D:1 |      18 |       0 |   0.0 |      11 |       0 |   0.0
        D:2 |     125 |       1 |   0.8 |      28 |       1 |   3.4
        D:3 |     170 |      38 |  18.3 |      18 |       1 |   5.3
        D:4 |     171 |       0 |   0.0 |      18 |       0 |   0.0
        D:5 |     436 |       0 |   0.0 |      12 |       0 |   0.0
        D:6 |    1093 |     143 |  11.6 |      39 |       5 |  11.4
        D:7 |     709 |       0 |   0.0 |      19 |       0 |   0.0
        D:8 |     269 |       0 |   0.0 |       2 |       0 |   0.0
            +---------+---------+-------+---------+---------+-------
